 Dungeon Crawl Stone Soup version 0.20.1-1-g8b1a95d (webtiles) character file.

20880 Raiden350 the Spear-Bearer (level 12, -6/160 HPs)
             Began as a Minotaur Monk on Nov 11, 2017.
             Was a High Priest of Okawaru.
             Mangled by a five-headed hydra (10 damage)
             ... called by a spriggan druid
             ... on level 1 of the Swamp on Nov 12, 2017.
             The game lasted 01:25:49 (12945 turns).

Raiden350 the Spear-Bearer (Minotaur Monk)         Turns: 12945, Time: 01:25:50

Health: -6/160     AC: 11    Str: 31    XL:     12   Next: 49%
Magic:  14/15      EV: 21    Int:  7    God:    Okawaru [*****.]
Gold:   459        SH:  0    Dex: 14    Spells: 14/17 levels left

rFire    + . .     SeeInvis .   j - +5 battleaxe (flame)
rCold    . . .     Gourm    .   (shield currently unavailable)
rNeg     . . .     Faith    .   D - +0 ring mail of the Harp {Regen+ Str+6}
rPois    .         Spirit   .   (helmet unavailable)
rElec    +         Reflect  .   (no cloak)
rCorr    .         Harm     .   P - +1 pair of gloves {archery}
MR       .....                  (no boots)
Stlth    ..........             (no amulet)
Regen    0.8/turn               t - +1 ring of protection
MPRegen  0.2/turn               Q - ring of protection from fire

@: confused, berserking (expiring), heroism, slow
A: retaliatory headbutt, horns 3, electricity resistance
a: Heroism, Finesse, Renounce Religion


You were on level 1 of the Swamp.
You worshipped Okawaru.
Okawaru was extremely pleased with you.
You were not hungry.

You visited 4 branches of the dungeon, and saw 14 of its levels.

You collected 720 gold pieces.
You spent 261 gold pieces at shops.

Inventory:

Hand Weapons
 a - a +1 hand axe
 j - a +5 battleaxe of flaming (weapon)
 m - a +0 trident of flaming
 n - a +4 trident of piercing
 x - a +2 trident of venom
 H - the +6 trident "Fatofe" {pierce, rPois rC- rN+ Int+4}
   (Okawaru gifted it to you on level 1 of the Lair of Beasts)

   It inflicts extra damage upon your enemies.
   It affects your intelligence (+4).
   It makes you vulnerable to cold.
   It protects you from poison.
   It protects you from negative energy.
 K - the +10 shortbow of a Billion People {venom, rF+ rN+ Dex-5}
   (Okawaru gifted it to you on level 3 of the Lair of Beasts)

   It poisons the ammo it fires.
   It affects your dexterity (-5).
   It protects you from fire.
   It protects you from negative energy.
Armour
 b - a +0 robe
 c - a +0 leather armour
 r - a +1 scale mail of cold resistance
 y - a +0 shield
 D - the +0 ring mail of the Harp (worn) {Regen+ Str+6}
   (You bought it in a shop on level 7 of the Dungeon)

   It affects your strength (+6).
   It increases your rate of regeneration.
 P - a +1 pair of gloves of archery (worn)
Jewellery
 t - a +1 ring of protection (left hand)
 Q - a ring of protection from fire (right hand)
Wands
 h - a wand of lightning (7/15)
 p - a wand of paralysis (15/24)
 w - a wand of acid (13/15)
 A - a wand of polymorph (13/24)
 B - a wand of flame (31/48)
 I - a wand of scattershot (5/9)
 M - a wand of enslavement (7/24)
Scrolls
 d - a scroll of remove curse
 e - 5 scrolls of identify
 i - 3 scrolls of teleportation
 o - a scroll of amnesia
 v - 3 scrolls of enchant armour
 E - a scroll of enchant weapon
 F - a scroll of recharging
 J - a scroll of magic mapping
Potions
 f - a potion of resistance
 l - 5 potions of mutation
 u - a potion of magic
 z - a potion of brilliance (quivered)
 G - a potion of invisibility
 L - a potion of berserk rage
Books
 k - a book of Maledictions

   Spells                             Type                      Level
   a - Corona                         Hexes                        1
   b - Ensorcelled Hibernation        Hexes/Ice                    2
   c - Confuse                        Hexes                        3
   d - Tukima's Dance                 Hexes                        3
   e - Dazzling Spray                 Conjuration/Hexes            3
 C - a book of Callings

   Spells                             Type                      Level
   a - Summon Small Mammal            Summoning                    1
   b - Call Imp                       Summoning                    2
   c - Call Canine Familiar           Summoning                    3
   d - Summon Guardian Golem          Hexes/Summoning              3
   e - Summon Lightning Spire         Summoning/Air                4
   f - Summon Ice Beast               Ice/Summoning                4
 O - a Young Poisoner's Handbook

   Spells                             Type                      Level
   a - Sting                          Conjuration/Poison           1
   b - Poisonous Vapours              Poison/Air                   2
   c - Mephitic Cloud                 Conjuration/Poison/Air       3
   d - Olgreb's Toxic Radiance        Poison                       4
   e - Venom Bolt                     Conjuration/Poison           5
Comestibles
 g - 13 bread rations
 q - 3 meat rations
 s - 3 royal jellies


   Skills:
 + Level 10.3(15.3) Fighting
 - Level 10.5(17.4) Axes
 - Level 11.3(17.8) Polearms
 - Level 8.4(13.4) Armour
 - Level 10.6(15.6) Dodging
 - Level 1.5(6.5) Stealth
 - Level 1.0(6.0) Shields
 - Level 3.0 Spellcasting
 - Level 3.0 Summonings
 - Level 4.0 Invocations
 - Level 4.2 Evocations


You had 14 spell levels left.
You knew the following spells:

 Your Spells              Type           Power        Failure   Level  Hunger
a - Call Canine Familiar  Summ           #.......     36%         3    ####...


Dungeon Overview and Level Annotations

Branches:
Dungeon (8/15)             Temple (1/1) D:7            Lair (4/6) D:8
  Swamp (1/4) Lair:3       Spider (0/4) Lair:3

Altars:
Ashenzari
Cheibriados
Dithmenos
Elyvilon
Fedhas
Gozag
Hepliaklqana
Nemelex Xobeh
Okawaru
Qazlal
Ru
Sif Muna
Uskayaw
Vehumet
Yredelemnul
The Shining One
Lugonu

Shops:
D:7 [

Annotations:
Swamp:1 exclusion: Roxanne, Roxanne


Innate Abilities, Weirdness & Mutations

You reflexively headbutt those who attack you in melee.
You have a pair of large horns on your head.
You are resistant to electric shocks. (rElec)


Message History

The five-headed hydra barely misses you.
Your unstable footing causes you to fumble your attack.
The swamp drake bites you but does no damage.
Unknown command.
You bump into the tree.
The five-headed hydra bites you!
* * * LOW HITPOINT WARNING * * *
The five-headed hydra bites you but does no damage.
The five-headed hydra bites you!
* * * LOW HITPOINT WARNING * * *
The five-headed hydra closely misses you. x2
You barely miss the five-headed hydra. You headbutt the five-headed hydra!!
The five-headed hydra is severely wounded.
You miss the swamp drake. The swamp drake completely misses you.
The five-headed hydra bites you!
* * * LOW HITPOINT WARNING * * *
The five-headed hydra completely misses you.
The five-headed hydra bites you but does no damage.
The five-headed hydra completely misses you.
The five-headed hydra bites you!
You die...

♣♣♣♣♣♣♣
♣♣♣♣...♣≈..
♣@D..≈≈...≈
♣≈k.≈≈§.≈≈≈
.
♣.†w.≈..≈≈≈
...
♣i≈≈≈≈≈≈≈≈≈
W≈≈.
♣...≈≈≈≈≈≈≈
≈≈≈≈
♣♣≈§>.≈..≈≈
♣≈≈≈
♣≈..≈≈≈..≈≈
≈≈≈≈
♣≈..≈≈≈≈≈≈§
≈≈≈≈
♣♣♣♣♣i≈....
≈≈≈.


You could see a five-headed hydra, a spriggan druid, a swamp worm and a swamp
drake.

Vanquished Creatures
  2 hydras
  Erica (D:8)
  Nergalle (Lair:3)
  A swamp dragon (Swamp:1)
  Joseph (D:8)
  The ghost of soepske the Shield-Bearer, a novice FoFi of Elyvilon (D:4)
  8 spiny frogs
  A rime drake (Lair:3)
  4 komodo dragons
  The ghost of Regeox the Chopper, an amateur HOFi of Ashenzari (D:5)
  A hornet (Swamp:1)
  Prince Ribbit (D:6)
  4 jumping spiders (Lair:3)
  2 hippogriffs
  A tyrant leech (Swamp:1)
  5 slime creatures (Swamp:1)
  Sigmund (D:2)
  4 redbacks (Lair:3)
  3 basilisks
  17 yaks
  The ghost of yogakurto the Stinger, an amateur DrVM (D:3)
  A vampire mosquito (Swamp:1)
  7 swamp worms
  6 water moccasins
  Duvessa (D:6)
  8 porcupines
  4 orc warriors
  An ice beast (D:6)
  A sky beast (D:7)
  A phantom (D:8)
  7 ogres
  4 wolves (Lair:2)
  4 crocodiles
  A centaur (D:7)
  Blork the orc (D:6)
  9 bullfrogs
  2 gnoll sergeants
  Dowan (D:6)
  4 scorpions
  10 wights (D:6)
  A howler monkey (D:6)
  4 electric eels
  A jelly (D:6)
  2 centaur zombies
  2 crimson imps
  A quasit (D:8)
  3 orc priests
  4 hounds
  An orc wizard (D:6)
  A bullfrog skeleton (D:6)
  2 centaur skeletons
  2 iguanas
  A killer bee zombie (D:6)
  A hound zombie (D:6)
  14 gnolls
  10 adders
  3 shadow imps
  2 oozes
  3 adder skeletons
  An adder zombie (D:5)
  2 worms
  4 dart slugs
  5 leopard geckos
  42 orcs
  8 giant cockroaches
  18 goblins
  5 hobgoblins
  7 jackals
  9 quokkas
  2 ball pythons
  8 bats
  5 frilled lizards
  5 kobolds
  A quokka skeleton (D:7)
  3 rats
  2 fungi
319 creatures vanquished.

Vanquished Creatures (others)
  A hornet (Swamp:1)
  A bush (D:8)
  5 fungi
  21 plants
28 creatures vanquished.

Grand Total: 347 creatures vanquished

Notes
Turn   | Place    | Note
-------+----------+-------------------------------------------
     0 | D:1      | Raiden350 the Minotaur Monk began the quest for the Orb.
     0 | D:1      | Reached XP level 1. HP: 19/19 MP: 0/0
    32 | D:1      | Reached skill level 1 in Armour
    73 | D:1      | Reached XP level 2. HP: 15/26 MP: 1/1
   328 | D:1      | Reached XP level 3. HP: 27/33 MP: 2/2
   934 | D:3      | Reached XP level 4. HP: 35/40 MP: 3/3
  1010 | D:3      | Found a white marble altar of Elyvilon.
  1071 | D:3      | Noticed yogakurto's ghost (amateur DrVM)
  1104 | D:2      | Noticed Sigmund
  1997 | D:2      | Killed Sigmund
  1997 | D:2      | Reached skill level 4 in Polearms
  1997 | D:2      | Reached XP level 5. HP: 25/46 MP: 4/4
  1997 | D:2      | Reached XP level 6. HP: 28/52 MP: 5/5
  2312 | D:3      | Killed yogakurto's ghost
  2312 | D:3      | Reached skill level 6 in Polearms
  2364 | D:3      | Gained mutation: You are surrounded by a mild repulsion field. (EV +2) [potion of mutation]
  2364 | D:3      | Lost mutation: You are surrounded by a mild repulsion field. (EV +2) [potion of mutation]
  2364 | D:3      | Gained mutation: You are resistant to electric shocks. (rElec) [potion of mutation]
  2364 | D:3      | Gained mutation: You have a pair of large horns on your head. [potion of mutation]
  2570 | D:4      | Found a deep blue altar of Sif Muna.
  2571 | D:4      | Found a shattered altar of Ashenzari.
  2573 | D:4      | Found a stormy altar of Qazlal.
  2573 | D:4      | Found a sacrificial altar of Ru.
  2576 | D:4      | Found a radiant altar of Vehumet.
  2582 | D:4      | Found a hide-covered altar of Uskayaw.
  2778 | D:4      | Reached XP level 7. HP: 59/59 MP: 6/6
  2795 | D:4      | Found a snail-covered altar of Cheibriados.
  2834 | D:4      | Noticed soepske's ghost (novice FoFi)
  2874 | D:5      | Entered Level 5 of the Dungeon
  2923 | D:5      | Noticed Regeox's ghost (amateur HOFi)
  2949 | D:5      | Reached skill level 5 in Armour
  3260 | D:6      | Reached skill level 5 in Fighting
  3592 | D:4      | Killed soepske's ghost
  3592 | D:4      | Reached XP level 8. HP: 7/74 MP: 7/7
  4147 | D:4      | Reached skill level 5 in Dodging
  4570 | D:5      | Found an iron altar of Okawaru.
  4645 | D:5      | Became a worshipper of Warmaster Okawaru
  4645 | D:5      | Reached * piety under Okawaru
  4645 | D:5      | Reached ** piety under Okawaru
  4689 | D:5      | Found a blossoming altar of Fedhas.
  4949 | D:5      | Killed Regeox's ghost
  5164 | D:6      | Noticed Prince Ribbit
  5173 | D:6      | Reached skill level 1 in Invocations
  5192 | D:6      | Reached XP level 9. HP: 46/82 MP: 9/9
  5217 | D:6      | Killed Prince Ribbit
  5326 | D:6      | Reached skill level 5 in Axes
  5417 | D:6      | Reached *** piety under Okawaru
  5509 | D:6      | Reached skill level 7 in Polearms
  5953 | D:6      | Found a glowing golden altar of the Shining One.
  5981 | D:6      | Noticed Blork the orc
  5991 | D:6      | Killed Blork the orc
  6185 | D:6      | Noticed Duvessa
  6185 | D:6      | Noticed Dowan
  6190 | D:6      | Killed Duvessa
  6192 | D:6      | Killed Dowan
  6613 | D:7      | Learned a level 3 spell: Call Canine Familiar
  6657 | D:7      | Reached skill level 1 in Spellcasting
  6819 | D:7      | Found a staircase to the Ecumenical Temple.
  6827 | D:7      | Reached **** piety under Okawaru
  6827 | D:7      | Reached XP level 10. HP: 52/89 MP: 12/12
  7271 | D:7      | Found Afuahin's Antique Armour Shop.
  7286 | D:7      | Bought a jewelled ring mail for 261 gold pieces
  7296 | D:7      | Identified the cursed +0 ring mail of the Harp {Regen+ Str+6} (You bought it in a shop on level 7 of the Dungeon)
  7690 | D:7      | Reached skill level 1 in Summonings
  7699 | D:7      | Found a shadowy altar of Dithmenos.
  7967 | Temple   | Entered the Ecumenical Temple
  8067 | D:8      | HP: 4/89 [centaur skeleton (4)]
  8400 | D:8      | Found an opulent altar of Gozag.
  8446 | D:8      | Found a hazy altar of Hepliaklqana.
  8463 | D:8      | Found a basalt altar of Yredelemnul.
  8465 | D:8      | Noticed Joseph
  8493 | D:8      | Killed Joseph
  8493 | D:8      | Reached ***** piety under Okawaru
  8588 | D:8      | Noticed Erica
  8684 | D:8      | Found a staircase to the Lair.
  8852 | D:8      | Killed Erica
  8852 | D:8      | Reached skill level 10 in Axes
  8852 | D:8      | Reached XP level 11. HP: 43/95 MP: 14/14
  9075 | Lair:1   | Entered Level 1 of the Lair of Beasts
  9273 | Lair:1   | Received a gift from Okawaru
  9276 | Lair:1   | Got an encrusted trident {god gift}
  9277 | Lair:1   | Identified the +6 trident "Fatofe" {pierce, rPois rC- rN+ Int+4} (Okawaru gifted it to you on level 1 of the Lair of Beasts)
  9948 | Lair:2   | Noticed an eight-headed hydra
 10148 | Lair:2   | Reached skill level 1 in Evocations
 10388 | Lair:2   | Killed a four-headed hydra
 10454 | Lair:2   | Reached skill level 1 in Shields
 10643 | Lair:2   | Reached skill level 8 in Polearms
 10982 | Lair:3   | Noticed Nergalle
 10993 | Lair:3   | Killed Nergalle
 11018 | Lair:3   | Received a gift from Okawaru
 11018 | Lair:3   | Reached skill level 9 in Polearms
 11019 | Lair:3   | Got a brightly glowing shortbow {god gift}
 11020 | Lair:3   | Identified the +10 shortbow of a Billion People {venom, rF+ rN+ Dex-5} (Okawaru gifted it to you on level 3 of the Lair of Beasts)
 11279 | Lair:3   | Reached skill level 10 in Polearms
 11450 | Lair:3   | Found a hole to the Spider Nest.
 11558 | Lair:3   | Reached skill level 11 in Polearms
 11771 | Lair:3   | Reached XP level 12. HP: 34/104 MP: 15/15
 12049 | Lair:3   | Received a gift from Okawaru
 12066 | Lair:3   | Found a staircase to the Swamp.
 12381 | Lair:4   | Reached skill level 10 in Dodging
 12594 | Swamp:1  | Entered Level 1 of the Swamp
 12594 | Swamp:1  | Noticed a four-headed hydra
 12603 | Swamp:1  | Killed a one-headed hydra
 12629 | Swamp:1  | Noticed Roxanne
 12871 | Swamp:1  | Reached skill level 10 in Fighting
 12929 | Swamp:1  | Noticed a six-headed hydra
 12945 | Swamp:1  | HP: 4/160 [five-headed hydra[a spriggan druid] (8)]
 12945 | Swamp:1  | Mangled by a five-headed hydra

Skill      XL: |  1  2  3  4  5  6  7  8  9 10 11 12 |
---------------+-------------------------------------+-----
Armour         | 2 3 4 5 8 |  8.4
Fighting       | 4 7 8 9 10 | 10.3
Axes           | 4 5 10 | 10.5
Dodging        | 4 7 8 10 | 10.6
Polearms       | 4 6 7 11 | 11.3
Invocations    | 2 4 |  4.0
Spellcasting   | 2 3 |  3.0
Summonings     | 3 |  3.0
Evocations     | 4 |  4.2
Shields        | 1 |  1.0
Stealth        | |  1.5

Action                   |  1- 3 |  4- 6 |  7- 9 | 10-12 || total
-------------------------+-------+-------+-------+-------++-------
Melee: Hand axe          |    96 |    53 |   115 |       ||   264
       Headbutt          |    11 |    17 |    59 |    95 ||   182
       Trident           |       |    50 |   167 |   387 ||   604
       Battleaxe         |       |       |    43 |    45 ||    88
 Cast: Call Canine Famil |       |       |       |     4 ||     4
Invok: Heroism           |       |       |       |     3 ||     3
       Finesse           |       |       |       |     1 ||     1
Evoke: Wand              |       |       |       |     4 ||     4
  Use: Scroll            |     6 |     2 |    13 |     9 ||    30
       Potion            |     1 |     5 |     4 |     4 ||    14
 Stab: Sleeping          |     2 |       |       |       ||     2
       Invisible         |       |       |       |     6 ||     6
  Eat: Bread ration      |     1 |       |     1 |       ||     2
       Fruit             |       |     3 |       |       ||     3
       Royal jelly       |       |     1 |       |     1 ||     2
       Chunk             |       |       |     2 |     6 ||     8
       Meat ration       |       |       |     1 |     3 ||     4
Armor: Robe              |     2 |       |       |       ||     2
       Leather armour    |    23 |       |       |       ||    23
       Scale mail        |     8 |    34 |    73 |     2 ||   117
       Ring mail         |       |       |       |    84 ||    84
Dodge: Dodged            |    59 |    59 |   191 |   282 ||   591
